 Dungeon Crawl Stone Soup version 0.30-a0-141-g30f27751c5 (webtiles) character file.

Game seed: 13758323317473310561

134 qw the Chopper (level 5, -3/32 HPs)
             Began as a Gargoyle Fighter on Sept 25, 2022.
             Slain by an ice beast (14 damage)
             ... on level 4 of the Dungeon.
             The game lasted 00:01:06 (2892 turns).

qw the Chopper (Gargoyle Fighter)                   Turns: 2892, Time: 00:01:06

Health: -3/32      AC: 18    Str: 21    XL:     5   Next: 17%
Magic:  5/5        EV:  5    Int:  7    God:
Gold:   157        SH:  4    Dex:  9    Spells: 4/4 levels left

rFire   . . .      SeeInvis .    Y - +1 war axe
rCold   . . .      Faith    .    c - +0 buckler
rNeg    + . .      Spirit   .    g - +0 plate armour
rPois   inf        Reflect  .    (no helmet)
rElec   +          Harm     .    f - +1 cloak
rCorr   .          Rampage  .    (no gloves)
Will    .....      Clarity  +    h - +0 pair of boots
Stlth   ..........               (no amulet)
HPRegen 0.10/turn                (no ring)
MPRegen 0.09/turn                (no ring)

@: no status effects
A: sickness immunity, AC +4, negative energy resistance 1, electricity
resistance, torment resistance 1, petrification resistance, clarity, dopey 1
a: no special abilities


You were on level 4 of the Dungeon.
You visited 1 branch of the dungeon, and saw 4 of its levels.

You collected 157 gold pieces.


Innate Abilities, Weirdness & Mutations

You are immune to sickness and miasma.
Your stone body is resilient. (AC +4)
You are immune to poison.
You resist negative energy. (rN+)
You are resistant to electric shocks. (rElec)
You are resistant to unholy torment.
You are immune to petrification.
You possess an exceptional clarity of mind.
You are dopey. (Int -2)


   Skills:
 - Level 3.2 Fighting
 + Level 4.7 Axes
 - Level 3.2 Armour
 - Level 3.2 Shields


You had 4 spell levels left.
You didn't know any spells.
Your spell library was empty.

Inventory:

Hand Weapons
 l - a +0 flail
 Y - a +1 war axe (weapon)
Armour
 c - a +0 buckler (worn)
 f - a +1 cloak (worn)
 g - a +0 plate armour (worn)
 h - a +0 pair of boots (worn)
Potions
 a - a potion of invisibility {unknown}
 d - 2 potions of might
 e - 2 potions of curing
 i - a potion of resistance {unknown}
 k - a potion of mutation
 m - 4 potions of heal wounds
 p - a potion of brilliance {unknown}

Dungeon Overview and Level Annotations

Branches:
Dungeon (4/15)
 Temple: D:4-7

Altars:
Xom


Message History

The ice beast hits you but does no damage.
The hound barely misses you.
There is a stone staircase leading up here.
You slash the ice beast!
The ice beast is moderately wounded.
You closely miss the black bear. You hit the hound.
The hound barely misses you. The black bear bites you.
The black bear claws you. The black bear barely misses you.
The ice beast hits you but does no damage.
The hound bites you but does no damage.
You closely miss the ice beast.
The ice beast is moderately wounded.
You barely miss the black bear. You barely miss the hound.
The hound barely misses you.
The black bear bites you but does no damage.
You block the black bear's attack. x2; The ice beast barely misses you.
You block the hound's attack. The ice beast hits you.
The ice beast freezes you! The black bear barely misses you. x2
The black bear claws you but does no damage.
You hit the ice beast.
The ice beast is moderately wounded.
You slash the black bear! You barely miss the hound.
You block the hound's attack.
The black bear bites you but does no damage.
The black bear claws you but does no damage. x2
The ice beast hits you but does no damage.
You closely miss the ice beast.
The ice beast is moderately wounded.
You slash the black bear! You barely miss the hound. The hound bites you.
The hound bites you but does no damage.
The black bear bites you but does no damage.
The black bear claws you but does no damage. x2
The ice beast hits you but does no damage.
You slash the black bear!
The black bear is almost dead.
You hit the ice beast. You miss the hound.
The hound bites you but does no damage.
The black bear goes berserk!
The hound bites you but does no damage. The ice beast hits you.
The ice beast freezes you!
You die...

####### ##
##.....#...
##..........
#...........
#....h......
#...@h......
#...Y..(....
#...........
#...........
##..........
...........
###......###
..###...


You could see a black bear (berserk), an ice beast and a hound.

Vanquished Creatures
  Ijyb (D:3)
  A gnoll (D:3)
  3 adders (D:2)
  A dart slug (D:2)
  An orc (D:3)
  6 ball pythons
  4 endoplasms
  A giant cockroach (D:1)
  5 goblins
  6 hobgoblins
  5 quokkas
  7 bats
  19 frilled lizards
  7 kobolds
  3 rats
  A spectral kobold (D:2)
71 creatures vanquished.

Vanquished Creatures (others)
  7 plants (D:2)
7 creatures vanquished.

Grand Total: 78 creatures vanquished

Notes
Turn   | Place    | Note
-------+----------+-------------------------------------------
     0 | D:1      | qw the Gargoyle Fighter began the quest for the Orb.
     0 | D:1      | Reached XP level 1. HP: 14/14 MP: 1/1
     0 | D:1      | 0 ||| qw: Version: 0.2-a-10-g399e6c4
     0 | D:1      | 0 ||| qw: Game counter: 226
     0 | D:1      | 0 ||| qw: Always use a shield: true
     0 | D:1      | 0 ||| qw: God list: Okawaru
     0 | D:1      | 0 ||| qw: Allow faded altars: false
     0 | D:1      | 0 ||| qw: Do Orc after D:15 true
     0 | D:1      | 0 ||| qw: Do second Lair branch before Depths: true
     0 | D:1      | 0 ||| qw: Lair rune preference: random
     0 | D:1      | 0 ||| qw: Plans: Normal, Zot:1-4, God:TSO, Crypt, Tomb,
                  | Pan, Slime:5, Hells, Abyss, Orb
     0 | D:1      | 0 ||| PLANNING D:1-11
    65 | D:1      | Reached skill level 2 in Axes
   101 | D:1      | 101 ||| Stepping ~*~*~tactically~*~*~ (stealth).
   195 | D:1      | Reached XP level 2. HP: 19/19 MP: 2/2
   197 | D:1      | 197 ||| DROPPING +0 club.
   309 | D:1      | 309 ||| Stepping ~*~*~tactically~*~*~ (stealth).
   894 | D:1      | 894 ||| READING 3 scrolls labelled XIF PIWNEOQU.
   995 | D:1      | 995 ||| READING 2 scrolls labelled ZITETIOVEJ.
   996 | D:1      | 996 ||| READING scroll labelled YPSAOPLUFE.
   997 | D:1      | 997 ||| DROPPING 2 scrolls of silence.
  1039 | D:2      | Reached skill level 3 in Axes
  1091 | D:2      | Reached XP level 3. HP: 17/23 MP: 3/3
  1171 | D:2      | Found a faded altar of an unknown god.
  1320 | D:2      | 1320 ||| Stepping ~*~*~tactically~*~*~ (stealth).
  1321 | D:2      | 1321 ||| Stepping ~*~*~tactically~*~*~ (stealth).
  1331 | D:2      | 1331 ||| Stepping ~*~*~tactically~*~*~ (stealth).
  1332 | D:2      | 1332 ||| Stepping ~*~*~tactically~*~*~ (stealth).
  1489 | D:2      | Reached XP level 4. HP: 28/28 MP: 4/4
  1596 | D:2      | Reached skill level 4 in Axes
  1946 | D:2      | 1946 ||| UPGRADING to +0 cloak.
  1951 | D:2      | 1951 ||| READING scroll of enchant armour.
  1951 | D:2      | 1951 ||| ENCHANTING +0 cloak.
  1952 | D:2      | 1952 ||| DROPPING ring of wizardry.
  1953 | D:2      | 1953 ||| READING scroll labelled WEUDDA MIWANA.
  1954 | D:2      | 1954 ||| DRINKING 2 yellow potions.
  1955 | D:2      | 1955 ||| DRINKING 2 amethyst potions.
  2032 | D:3      | Found a shimmering altar of Xom.
  2284 | D:3      | 2284 ||| DROPPING +0 whip.
  2392 | D:3      | Noticed Ijyb
  2396 | D:3      | Paralysed by Ijyb for 4 turns
  2403 | D:3      | Paralysed by Ijyb for 2 turns
  2410 | D:3      | Paralysed by Ijyb for 2 turns
  2416 | D:3      | Killed Ijyb
  2417 | D:3      | Reached XP level 5. HP: 21/32 MP: 5/5
  2835 | D:3      | 2835 ||| UPGRADING to +0 plate armour.
  2845 | D:3      | 2845 ||| DROPPING +0 scale mail.
  2846 | D:3      | 2846 ||| UPGRADING to +0 pair of boots.
  2851 | D:3      | 2851 ||| DROPPING scarf of shadows.
  2852 | D:3      | 2852 ||| READING scroll labelled ARIKHOOLECS.
  2855 | D:3      | 2855 ||| READING scroll labelled PEDOSE CINYBOL.
  2856 | D:3      | 2856 ||| DRINKING 2 fuming inky potions.
  2856 | D:3      | Gained mutation: You possess an exceptional clarity of
                  | mind. [potion of mutation]
  2856 | D:3      | Gained mutation: You are dopey. (Int -2) [potion of
                  | mutation]
  2878 | D:4      | Noticed an ice beast
  2880 | D:4      | Noticed a black bear
  2881 | D:4      | 2881 ||| STAIRDANCE
  2892 | D:4      | Slain by an ice beast

Levels and vault maps discovered:
D:1:      wander_arrival_abandoned_jail, layout_loops_ring,
          kennysheep_pointless_box
D:2:      layout_basic, dreamdust_ecumenical_altar_drowned_temple,
          minmay_lizard_king
D:3:      layout_rooms, marbit_many_paths, minmay_fractal_squares_gapless_5,
          uniq_ijyb
D:4:      layout_rooms, uniq_edmund

Skill      XL: |  1  2  3  4 |
---------------+-------------+-----
Axes           | 2 3 4 |  4.7
Fighting       | |  3.2
Armour         | |  3.2
Shields        | |  3.2

Action                   |  1- 3 |  4- 6 || total
-------------------------+-------+-------++-------
Melee: War axe           |   131 |   107 ||   238
  Use: Scroll            |     3 |     4 ||     7
       Potion            |       |     3 ||     3
Armor: Scale mail        |    86 |    51 ||   137
       Plate armour      |       |    19 ||    19
Dodge: Dodged            |    66 |    44 ||   110
Block: Buckler           |    32 |    26 ||    58

Table legend:
 A = Non-vault XP
 B = Vault XP
 C = Vault XP percentage of total XP
 D = Non-vault monster count
 E = Vault monster count
 F = Vault count percentage of total count
                 A         B        C        D         E       F
            +---------+---------+-------+---------+---------+-------
      Total |     123 |      69 |  35.9 |      53 |      18 |  25.4
            +---------+---------+-------+---------+---------+-------
        D:1 |      28 |       0 |   0.0 |      19 |       0 |   0.0
        D:2 |      69 |      14 |  16.9 |      18 |      14 |  43.8
        D:3 |      26 |      55 |  67.9 |      16 |       4 |  20.0
            +---------+---------+-------+---------+---------+-------
